 Dungeon Sprint DCSS version 0.26-a0-665-gefeb406119 (webtiles) character file.

Game seed: 11856694295272116228

18436 rocky1 the Peltast (level 12, -5/106 HPs)
             Began as a Formicid Fighter on Oct 14, 2020.
             Was the Champion of Cheibriados.
             Killed by divine providence
             ... invoked by an orc priest
              (13 damage)
             ... in the Dungeon (Sprint IX: "|||||||||||||||||||||||||||||") on Oct 15, 2020.
             The game lasted 00:10:00 (3083 turns).

rocky1 the Peltast (Formicid Fighter)               Turns: 3083, Time: 00:10:00

Health: -5/106     AC: 16    Str: 41    XL:     12   Next: 95%
Magic:  20/20      EV: 22    Int: 23    God:    Cheibriados [******]
Gold:   1630       SH: 18    Dex: 28    Spells: 11/11 levels left

rFire    . . .     SeeInvis +   l - +2 scimitar (flame)
rCold    . . .     Faith    .   c - +0 kite shield
rNeg     . . .     Spirit   .   b - +0 scale mail
rPois    .         Reflect  .   (helmet unavailable)
rElec    .         Harm     .   t - +0 cloak
rCorr    .         Rampage  .   m - +0 pair of gloves
MR       +....                  n - +0 pair of boots
Stlth    +.........             (no amulet)
HPRegen  0.27/turn              p - +2 ring of protection
MPRegen  0.17/turn              o - +3 ring of dexterity

@: very slow
A: permanent stasis, dig shafts and tunnels, four strong arms, antennae 3,
hooves 1
a: Dig, Bend Time, Temporal Distortion, Slouch, Step From Time, Renounce
Religion


You were in the Dungeon.
You worshipped Cheibriados.
Cheibriados was exalted by your worship.
You visited 1 branch You collected 1630 gold pieces.

Inventory:

Hand Weapons
 a - a +0 long sword
 l - a +2 scimitar of flaming (weapon)
Armour
 b - a +0 scale mail (worn)
 c - a +0 kite shield (worn)
 m - a +0 pair of gloves (worn)
 n - a +0 pair of boots (worn)
 t - a +0 cloak (worn)
Jewellery
 o - a +3 ring of dexterity (right hand)
 p - a +2 ring of protection (left hand)
Wands
 k - a wand of acid (10)
 q - a wand of iceblast (6)
Scrolls
 i - 4 scrolls of remove curse
 j - 2 scrolls of amnesia
 r - 2 scrolls of enchant armour
 s - 2 scrolls of fear
Potions
 d - a potion of might
 e - 5 potions of curing
 f - 5 potions of heal wounds
 g - 4 potions of magic
 h - a potion of invisibility


   Skills:
 + Level 13.8 Fighting
 + Level 14.9 Long Blades
 + Level 13.6 Armour
 + Level 11.0 Dodging
 + Level 16.8 Shields
 - Level 11.3 Invocations
 - Level 8.3 Evocations


You had 11 spell levels left.
You didn't know any spells.
Your spell library was empty.

Dungeon Overview and Level Annotations

Branches:
Dungeon (1/1)

Altars:
Cheibriados
Dithmenos
Elyvilon
Fedhas
Gozag
Hepliaklqana
Kikubaaqudgha
Makhleb
Nemelex Xobeh
Okawaru
Qazlal
Ru
Sif Muna
Trog
Uskayaw
Vehumet
Wu Jian
Xom
Yredelemnul
Zin
The Shining One
Beogh
Jiyva
Lugonu

Shops:
D *!:!


Innate Abilities, Weirdness & Mutations

You cannot be hasted, slowed, berserked, paralysed or teleported.
You can dig through walls and to a lower floor.
Your four strong arms can wield two-handed weapons with a shield.
You have a pair of large antennae on your head. (SInv)
You have large cloven feet.


Message History

You carve the orc high priest like a ham!!!
You burn the orc high priest.
You kill the orc high priest!
Cheibriados appreciates the change of pace.
Your Dodging skill increases to level 11!
The orc priest looks satisfied for a moment.
The orc priest looks braver for a moment.
You block the orc priest's attack. The orc priest barely misses you.
Items here: $ )) [[.
You closely miss the orc priest.
The orc priest mumbles some strange prayers to Beogh against you.
Beogh smites you!
* * * LOW HITPOINT WARNING * * *
You slice the orc priest!! You burn the orc priest!
You kill the orc priest!
Cheibriados thoroughly appreciates the change of pace.
You block the orc priest's attack.
The orc priest calls down the wrath of Beogh upon you.
Beogh smites you!
You die...

▓.▓[▓.▓.▓
▓.▓[▓.▓.▓
▓+▓.▓[▓.▓'▓
{ {
▓.▓)▓.▓.▓.▓
{
▓.▓.▓.▓.▓.▓
{
▓.▓.▓.▓.▓.▓
{
▓.▓.▓'▓.▓.▓
{
▓o▓.▓[▓.▓.▓
{
▓@▓.▓(▓.▓)▓
{ {
▓)▓.▓.▓.▓'▓
{
▓∩▓.▓.▓.▓.▓
{
▓)▓(▓.▓.▓.▓
{
▓∩▓(▓.▓.▓[▓
{
▓)▓(▓.▓.▓.▓
{
▓∩▓.▓.▓.▓.▓
{
▓.▓)▓.▓.▓.▓
{
▓)▓.▓÷▓.▓)▓


You could see an orc priest.

Vanquished Creatures
  2 hydras (D)
  A catoblepas (D)
  7 death yaks (D)
  7 orc high priests (D)
  Sonja (D)
  2 orc knights (D)
  2 orc sorcerers (D)
  A moth of wrath (shapeshifter) (D)
  A cane toad (D)
  A komodo dragon (D)
  4 rime drakes (D)
  A hornet (D)
  3 blink frogs (D)
  Eustachio (D)
  A wyvern (D)
  A yak (D)
  A vampire mosquito (D)
  A water moccasin (D)
  15 orc warriors (D)
  A black bear (D)
  A centaur (D)
  2 bullfrogs (D)
  A wight (D)
  A jelly (D)
  7 orc priests (D)
  2 orc wizards (D)
  A hell rat (D)
  A shadow imp (D)
  An adder skeleton (D)
  2 adder zombies (D)
  3 orcs (D)
  A ball python (D)
  A bat skeleton (D)
  A bat zombie (D)
  2 giant cockroaches (D)
  2 hobgoblins (D)
  A quokka (D)
  A ball python skeleton (D)
  A jackal skeleton (D)
86 creatures vanquished.

Vanquished Creatures (others)
  Erica (D)
  An orc wizard (D)
2 creatures vanquished.

Grand Total: 88 creatures vanquished

Notes
Turn   | Place    | Note
-------+----------+-------------------------------------------
     0 | D        | rocky1 the Formicid Fighter began the quest for the Orb.
     0 | D        | Reached XP level 1. HP: 18/18 MP: 1/1
     8 | D        | Reached skill level 4 in Shields
    18 | D        | Reached XP level 2. HP: 25/25 MP: 2/2
   125 | D        | Noticed a centaur
   138 | D        | Killed a centaur
   138 | D        | Reached skill level 5 in Fighting
   138 | D        | Reached skill level 5 in Armour
   138 | D        | Reached skill level 1 in Dodging
   138 | D        | Reached skill level 5 in Shields
   138 | D        | Reached XP level 3. HP: 33/34 MP: 3/3
   138 | D        | Reached XP level 4. HP: 38/40 MP: 4/4
   140 | D        | Reached skill level 6 in Shields
   153 | D        | Found a roughly hewn altar of Beogh.
   153 | D        | Found a snail-covered altar of Cheibriados.
   153 | D        | Found a shadowy altar of Dithmenos.
   153 | D        | Found a white marble altar of Elyvilon.
   153 | D        | Found a blossoming altar of Fedhas.
   153 | D        | Found an opulent altar of Gozag.
   154 | D        | Found a hazy altar of Hepliaklqana.
   155 | D        | Found a viscous altar of Jiyva.
   156 | D        | Found an ancient bone altar of Kikubaaqudgha.
   157 | D        | Became a worshipper of Cheibriados the Contemplative
   164 | D        | Found a corrupted altar of Lugonu.
   165 | D        | Found a burning altar of Makhleb.
   166 | D        | Found a sparkling altar of Nemelex Xobeh.
   167 | D        | Found an iron altar of Okawaru.
   168 | D        | Found a stormy altar of Qazlal.
   169 | D        | Found a sacrificial altar of Ru.
   170 | D        | Found a shimmering blue altar of Sif Muna.
   171 | D        | Found a bloodstained altar of Trog.
   172 | D        | Found a hide-covered altar of Uskayaw.
   173 | D        | Found a radiant altar of Vehumet.
   174 | D        | Found an ornate altar of the Wu Jian Council.
   175 | D        | Found a shimmering altar of Xom.
   176 | D        | Found a basalt altar of Yredelemnul.
   177 | D        | Found a glowing silver altar of Zin.
   178 | D        | Found a glowing golden altar of the Shining One.
   220 | D        | Noticed an orc warrior
   227 | D        | Reached skill level 5 in Long Blades
   227 | D        | Reached XP level 5. HP: 33/46 MP: 4/6
   237 | D        | Killed an orc warrior
   237 | D        | Reached * piety under Cheibriados
   237 | D        | Reached skill level 7 in Shields
   237 | D        | Reached XP level 6. HP: 13/52 MP: 5/9
   243 | D        | Reached skill level 8 in Shields
   243 | D        | Reached skill level 5 in Invocations
   247 | D        | Reached ** piety under Cheibriados
   512 | D        | Noticed a wind drake
   512 | D        | Noticed a vampire mosquito
   512 | D        | Noticed a hornet
   512 | D        | Reached *** piety under Cheibriados
   513 | D        | Reached skill level 5 in Evocations
   520 | D        | Killed a hornet
   520 | D        | Reached skill level 9 in Shields
   520 | D        | Reached XP level 7. HP: 20/57 MP: 9/12
   521 | D        | Noticed a moth of wrath
   521 | D        | a wind drake changed into a moth of wrath
   527 | D        | Killed a vampire mosquito
   527 | D        | Reached **** piety under Cheibriados
   531 | D        | HP: 1/57 [moth of wrath (shapeshifter) (4)]
   538 | D        | Killed a moth of wrath
   538 | D        | Reached skill level 10 in Shields
   538 | D        | Reached XP level 8. HP: 11/64 MP: 12/14
   877 | D        | Noticed Erica
   884 | D        | Killed Erica
   884 | D        | Reached skill level 10 in Long Blades
   884 | D        | Reached skill level 11 in Shields
   884 | D        | Reached skill level 10 in Invocations
   884 | D        | Reached XP level 9. HP: 15/69 MP: 14/16
  1367 | D        | Noticed a four-headed hydra
  1367 | D        | Noticed an eight-headed hydra
  1367 | D        | Noticed a blink frog
  1370 | D        | Noticed a rime drake
  1372 | D        | Reached ***** piety under Cheibriados
  1379 | D        | Killed a two-headed hydra
  1387 | D        | Killed a one-headed hydra
  1387 | D        | Reached skill level 12 in Shields
  1387 | D        | Reached XP level 10. HP: 20/80 MP: 18/18
  1396 | D        | Reached skill level 5 in Dodging
  1396 | D        | Noticed a komodo dragon
  1403 | D        | Killed a rime drake
  1403 | D        | Reached ****** piety under Cheibriados
  1406 | D        | Killed a komodo dragon
  1406 | D        | Reached skill level 13 in Shields
  1666 | D        | Noticed a rime drake
  1666 | D        | Noticed a rime drake
  1670 | D        | Killed a rime drake
  1675 | D        | Killed a rime drake
  1675 | D        | Noticed a rime drake
  1677 | D        | Noticed a cane toad
  1683 | D        | Killed a rime drake
  1687 | D        | Killed a cane toad
  1687 | D        | Reached skill level 10 in Fighting
  1692 | D        | Reached XP level 11. HP: 66/90 MP: 19/19
  1778 | D        | Noticed a death yak
  1778 | D        | Noticed a death yak
  1778 | D        | Noticed a death yak
  1778 | D        | Noticed a death yak
  1778 | D        | Noticed a death yak
  1778 | D        | Noticed a catoblepas
  1778 | D        | Noticed a death yak
  1781 | D        | Killed a catoblepas
  1781 | D        | Reached skill level 10 in Armour
  1784 | D        | Noticed a death yak
  1788 | D        | Killed a death yak
  1788 | D        | Reached skill level 14 in Shields
  1795 | D        | Killed a death yak
  1809 | D        | Killed a death yak
  1813 | D        | Killed a death yak
  1824 | D        | Killed a death yak
  1831 | D        | Killed a death yak
  1831 | D        | Reached skill level 15 in Shields
  1841 | D        | Killed a death yak
  2103 | D        | Noticed Eustachio
  2110 | D        | Killed Eustachio
  2123 | D        | Noticed Sonja
  2140 | D        | Killed Sonja
  2140 | D        | Reached XP level 12. HP: 44/102 MP: 20/20
  2597 | D        | Reached skill level 10 in Dodging
  2617 | D        | Reached skill level 16 in Shields
  2669 | D        | Found Rimerei's Distillery.
  2669 | D        | Noticed an orc high priest
  2669 | D        | Noticed an orc high priest
  2669 | D        | Noticed an orc high priest
  2670 | D        | Noticed a sun demon
  2676 | D        | Noticed a sun demon
  2676 | D        | Noticed a soul eater
  2678 | D        | Killed an orc high priest
  2679 | D        | Found Ycoco's Book Shop.
  2679 | D        | Noticed an orc high priest
  2679 | D        | Noticed an orc high priest
  2681 | D        | Killed an orc high priest
  2683 | D        | Killed an orc high priest
  2685 | D        | Found Koje's Distillery.
  2686 | D        | Noticed a soul eater
  2688 | D        | Killed an orc high priest
  2695 | D        | Killed an orc high priest
  3055 | D        | Found Xaokk's General Store.
  3059 | D        | Noticed an orc high priest
  3061 | D        | Noticed an orc high priest
  3064 | D        | Gained mutation: You have large cloven feet. [a neqoxec]
  3066 | D        | Killed an orc high priest
  3079 | D        | Killed an orc high priest
  3083 | D        | Killed from afar by an orc priest

Illustrated notes

Levels and vault maps discovered:
D:        linesprint [early_d, line_temple, items_1, d_10, items_2, lair_1,
          lair_end, items_3, orc_1, orc_end, items_4, d_15, swamp_1, shoals_1,
          snake_1, spider_1, d_20, vaults_1, items_5, swamp_end, shoals_end,
          snake_end, spider_end, vaults_end, d_27, items_6, zot_1, zot_end,
          crypt_end, forest_end, elf_end, slime_end, tomb_end, abyss_end,
          pan_hell_end]

Skill      XL: |  1  2  3  4  5  6  7  8  9 10 11 12 |
---------------+-------------------------------------+-----
Shields        | 4 5 6 7 9 10 11 12 13 15 16 | 16.8
Fighting       | 4 5 8 10 12 13 | 13.8
Armour         | 5 7 9 12 13 | 13.6
Long Blades    | 4 5 6 7 9 10 11 12 13 14 | 14.9
Dodging        | 1 4 7 9 11 | 11.0
Invocations    | 2 4 7 9 10 11 | 11.3
Evocations     | 2 4 6 8 |  8.3

Action                   |  1- 3 |  4- 6 |  7- 9 | 10-12 || total
-------------------------+-------+-------+-------+-------++-------
Melee: Long sword        |    27 |     2 |       |       ||    29
       Scimitar          |       |    32 |    44 |   216 ||   292
Invok: Slouch            |       |       |       |     4 ||     4
  Use: Potion            |       |     1 |     1 |     4 ||     6
Armor: Scale mail        |     8 |     3 |    12 |    22 ||    45
Dodge: Dodged            |    11 |    13 |    23 |    59 ||   106
Block: Kite shield       |    15 |    17 |    30 |   144 ||   206
       Rpst.: Long sword |     4 |     2 |       |       ||     6
       Scimitar          |       |     5 |     3 |    14 ||    22

Table legend: (Time is in decaauts)
 A = Elapsed time spent in this place.
 B = Non-inter-level travel time spent in this place.
 C = Inter-level travel time spent in this place.
 D = Time resting spent in this place.
 E = Time spent auto-exploring this place.
 F = Levels seen in this place.
 G = Mean time per level.
                   A        B        C        D        E       F      G
               +--------+--------+--------+--------+--------+-----+--------+
         Total |   3399 |   3399 |      0 |   2200 |      0 |   1 | 3399.0 |
       Dungeon |   3399 |   3399 |      0 |   2200 |      0 |   1 | 3399.0 |
               +--------+--------+--------+--------+--------+-----+--------+

Top non-repeatable levels by time:
       D: 3399 daAuts
